[Event "Titled Tuesday Blitz June 13 Late 2023"]
[White "Badelka, Olga"]
[Black "Nakamura, Hikaru"]
[WhiteFideId "13509926"]
[BlackFideId "2016192"]
[WhiteElo "2375"]
[BlackElo "2874"]
[Result "0-1"]
[Round "1"]
[TimeControl "180+2"]
[Date "2023.06.13"]
[WhiteClock "0:00:00"]
[BlackClock "0:01:48"]
[Board "1"]

1. c4 g6 2. Nc3 Bg7 3. d4 c5 4. d5 Bxc3+ 5. bxc3 f5 6. Nf3 Qa5 7. Qc2 Nf6 8. Bf4 d6 9. h4 Nbd7 10. e3 Ne4 11. Rc1 Ndf6 12. Bd3 Bd7 13. Ng5 Ba4 14. Qb2 O-O-O 15. Ne6 Ng4 16. f3 Nef2 17. Ke2 Nxd3 18. Kxd3 Nf6 19. Nxd8 Rxd8 20. Bg5 Nd7 21. f4 Re8 22. h5 Nb6 23. hxg6 Nxc4 24. Qf2 hxg6 25. Ke2 e6 26. dxe6 Rxe6 27. Rh8+ Be8 28. Kf1 Qa3 29. Re1 Qxc3 30. Rh3 Nd2+ 31. Kg1 Ne4 32. Qh4 Kc7 33. Rb1 Qg7 34. Qh7 Qxh7 35. Rxh7+ Bd7 36. Be7 b5 37. Bf8 Nc3 38. Rc1 Ne2+ 0-1


[Site "https://www.chess.com"]

[Event "Titled Tuesday Blitz June 13 Late 2023"]
[White "Nihal Sarin"]
[Black "Martins, Vinicius Tine"]
[WhiteFideId "25092340"]
[BlackFideId "2112884"]
[WhiteElo "2689"]
[BlackElo "2373"]
[Result "1-0"]
[Round "1"]
[TimeControl "180+2"]
[Date "2023.06.13"]
[WhiteClock "0:00:12"]
[BlackClock "0:00:00"]
[Board "2"]

1. f4 d5 2. Nf3 g6 3. g3 Nh6 4. Bg2 Nf5 5. c3 c5 6. d3 d4 7. Na3 Nc6 8. Nc4 h5 9. e4 dxe3 10. Nxe3 Bg7 11. O-O h4 12. Nxf5 Bxf5 13. Nxh4 Bxd3 14. Rf2 c4 15. Be3 Qd7 16. Qa4 O-O 17. Re1 e6 18. Nf3 a6 19. Ng5 b5 20. Qd1 Ne7 21. Bxa8 Rxa8 22. Qf3 Rd8 23. g4 Nd5 24. Qh3 Nxe3 25. Qxe3 a5 26. Nf3 b4 27. Ne5 Qb7 28. h4 bxc3 29. bxc3 Qd5 30. Qa7 Bxe5 31. Rxe5 Qd6 32. Qe3 Rb8 33. h5 Rb1+ 34. Kh2 Qc6 35. Qf3 Qxf3 36. Rxf3 gxh5 37. Rxh5 Rb2+ 38. Kg3 Rxa2 39. f5 exf5 40. gxf5 f6 41. Kf4 Rg2 42. Rfh3 Kf7 43. Rh7+ Rg7 44. Rxg7+ Kxg7 45. Rh2 1-0


[Site "https://www.chess.com"]

[Event "Titled Tuesday Blitz June 13 Late 2023"]
[White "FoxOnTheRun97"]
[Black "Caruana, Fabiano"]
[BlackFideId "2020009"]
[WhiteElo "2519"]
[BlackElo "2832"]
[Result "0-1"]
[Round "1"]
[TimeControl "180+2"]
[Date "2023.06.13"]
[WhiteClock "0:01:08"]
[BlackClock "0:01:16"]
[Board "3"]

1. d4 Nf6 2. Bg5 g6 3. Bxf6 exf6 4. e3 Bg7 5. g3 O-O 6. Bg2 d5 7. Ne2 c6 8. O-O Nd7 9. Qd3 Nb6 10. Nd2 h5 11. h4 Bg4 12. c4 Re8 13. Nf4 g5 14. Nh3 Bh6 15. cxd5 cxd5 16. Rac1 Qd7 17. Kh2 Qd6 18. f4 gxh4 19. gxh4 Rac8 20. Nf2 Rxc1 21. Rxc1 Rxe3 22. Qc2 Qxf4+ 23. Kg1 Re2 0-1


[Site "https://www.chess.com"]

[Event "Titled Tuesday Blitz June 13 Late 2023"]
[White "Paravyan, David"]
[Black "Siniauski, Artsiom"]
[WhiteFideId "4194985"]
[BlackFideId "13512269"]
[WhiteElo "2563"]
[BlackElo "2065"]
[Result "1-0"]
[Round "1"]
[TimeControl "180+2"]
[Date "2023.06.13"]
[WhiteClock "0:00:15"]
[BlackClock "0:00:02"]
[Board "4"]

1. e4 e6 2. d4 d5 3. Nc3 Nf6 4. e5 Nfd7 5. f4 c5 6. Nf3 Nc6 7. Be3 a6 8. Be2 b5 9. Qd2 Qb6 10. O-O b4 11. Na4 Qa5 12. b3 c4 13. f5 exf5 14. Ng5 Nd8 15. Rxf5 Nb6 16. Nxb6 Qxb6 17. Rf2 c3 18. Qd3 Be7 19. Raf1 Bxg5 20. Bxg5 Be6 21. Bh5 g6 22. Bf6 Rg8 23. Be2 Kd7 24. Bg5 Kc8 25. a3 Nc6 26. Be3 a5 27. h3 h5 28. axb4 axb4 29. Rxf7 Bxf7 30. Rxf7 Ra7 31. e6 Re8 32. Qxg6 Rae7 33. Bxh5 Nd8 34. Rf6 Qa5 35. Qf5 Qa1+ 36. Kh2 Rg8 37. Qxd5 Qe1 38. Bf4 Qf2 39. Qc5+ Kb7 40. Bf3+ Ka6 41. Qd6+ Kb5 42. Rf5# 1-0


[Site "https://www.chess.com"]

[Event "Titled Tuesday Blitz June 13 Late 2023"]
[White "Pert, Richard G"]
[Black "Vachier-Lagrave, Maxime"]
[WhiteFideId "404748"]
[BlackFideId "623539"]
[WhiteElo "2441"]
[BlackElo "2739"]
[Result "0-1"]
[Round "1"]
[TimeControl "180+2"]
[Date "2023.06.13"]
[WhiteClock "0:00:18"]
[BlackClock "0:01:44"]
[Board "5"]

1. d4 d5 2. Nf3 Nf6 3. c4 e6 4. Nc3 Bb4 5. Bg5 dxc4 6. e4 c5 7. Bxc4 cxd4 8. Nxd4 Qa5 9. Bxf6 gxf6 10. O-O Bd7 11. Rc1 Nc6 12. Ndb5 a6 13. Nd6+ Bxd6 14. Qxd6 Qe5 15. Qa3 Rc8 16. Rfe1 b5 17. Bd5 b4 18. Qxa6 bxc3 19. bxc3 O-O 20. Bb3 Qc5 21. Qd3 Ne5 22. Qg3+ Kh8 23. Qh4 Qe7 24. f4 Nd3 25. e5 Rg8 26. exf6 Qc5+ 27. Kf1 Rg4 0-1


[Site "https://www.chess.com"]

[Event "Titled Tuesday Blitz June 13 Late 2023"]
[White "Kollars, Dmitrij"]
[Black "Srdanovic, Jovana"]
[WhiteFideId "12909572"]
[BlackFideId "954810"]
[WhiteElo "2584"]
[BlackElo "2155"]
[Result "1-0"]
[Round "1"]
[TimeControl "180+2"]
[Date "2023.06.13"]
[WhiteClock "0:00:04"]
[BlackClock "0:00:03"]
[Board "6"]

1. e4 c5 2. c3 Nf6 3. e5 Nd5 4. Bc4 Nb6 5. Bb3 Nc6 6. Nf3 e6 7. d4 cxd4 8. cxd4 d6 9. Qe2 dxe5 10. dxe5 Bb4+ 11. Nc3 O-O 12. O-O a6 13. Bc2 Be7 14. Qe4 g6 15. Bh6 Re8 16. Rad1 Qc7 17. h4 Bd7 18. h5 Nb4 19. Bb1 Bc6 20. Qg4 Bxf3 21. Qxf3 Qxe5 22. hxg6 hxg6 23. Rfe1 Qf6 24. Qg3 N6d5 25. Ne4 Qh4 26. Qxh4 Bxh4 27. Nd6 Re7 28. a3 Nc6 29. Ba2 Rd8 30. Ne4 Red7 31. Nc5 Rc7 32. Rxe6 Nce7 33. Nxa6 bxa6 34. Rxa6 Rcd7 35. Re1 Nf5 36. Bc1 Bf6 37. g3 Nde7 38. Rxf6 Kg7 39. Rxf7+ Kh8 40. Bg5 Rd1 41. Rxd1 Rxd1+ 42. Kg2 Re1 43. Bf6+ 1-0


[Site "https://www.chess.com"]

[Event "Titled Tuesday Blitz June 13 Late 2023"]
[White "Berezin, Viktor"]
[Black "Firouzja, Alireza"]
[WhiteFideId "14107872"]
[BlackFideId "12573981"]
[WhiteElo "2310"]
[BlackElo "2896"]
[Result "0-1"]
[Round "1"]
[TimeControl "180+2"]
[Date "2023.06.13"]
[WhiteClock "0:00:13"]
[BlackClock "0:00:09"]
[Board "7"]

1. d4 Nf6 2. Nf3 g6 3. g3 Bg7 4. Bg2 O-O 5. O-O d6 6. a4 Nbd7 7. Nc3 c6 8. a5 Rb8 9. e4 e5 10. h3 Re8 11. dxe5 dxe5 12. Be3 Ra8 13. Nd2 b5 14. axb6 Nxb6 15. Na4 Rb8 16. Nc5 Qe7 17. Qe2 Nh5 18. Na6 Rb7 19. Nc5 Rc7 20. Na6 Rd7 21. Nb8 Rd6 22. Na6 Rdd8 23. Nc4 Nxc4 24. Qxc4 g5 25. Qc5 Qf6 26. Nc7 Re7 27. Rxa7 Bf8 28. Qb6 Red7 29. Na6 Rxa7 30. Qxa7 Nf4 31. Bxf4 gxf4 32. Nc5 f3 33. Bh1 Bxh3 34. Re1 Rd2 35. Nd3 Rxc2 36. Qe3 Bg4 37. Rc1 Re2 38. Qb6 Qd6 39. Qb3 Qd4 40. Rf1 Be6 41. Qc3 Qxc3 42. bxc3 Bd6 43. Bxf3 Rc2 44. Rc1 Ra2 45. Kf1 Bc4 46. Be2 Rd2 47. Ke1 Ra2 48. Rd1 Rc2 49. Nc1 Bxe2 50. Nxe2 Bc5 51. Rd2 Bxf2+ 52. Kd1 Rxd2+ 53. Kxd2 Kg7 54. Kd3 Kg6 55. Kd2 Kg5 56. Kd3 Kg4 57. Kc4 h5 58. Kb4 Bxg3 59. Kc5 h4 60. Kxc6 h3 61. Kd5 h2 62. c4 h1=Q 63. c5 Qd1+ 0-1


[Site "https://www.chess.com"]

[Event "Titled Tuesday Blitz June 13 Late 2023"]
[White "Andreikin, Dmitry"]
[Black "Kirillov, Dmitry"]
[WhiteFideId "4158814"]
[BlackFideId "34180572"]
[WhiteElo "2736"]
[BlackElo "2161"]
[Result "1-0"]
[Round "1"]
[TimeControl "180+2"]
[Date "2023.06.13"]
[WhiteClock "0:01:53"]
[BlackClock "0:01:48"]
[Board "8"]

1. c4 e6 2. Nc3 d5 3. d4 c6 4. e4 Bb4 5. e5 c5 6. Nf3 Ne7 7. a3 Bxc3+ 8. bxc3 cxd4 9. cxd4 Nbc6 10. h4 h6 11. Rb1 b6 12. cxd5 Nxd5 13. Bb5 Bd7 14. O-O O-O 15. Bd2 Rc8 16. Qe2 Qe7 17. Rfc1 Qxa3 18. Qe4 Qe7 19. Bd3 f5 20. exf6 Nxf6 21. Qe2 Qd6 22. Rc4 Ne7 23. Bb4 1-0


[Site "https://www.chess.com"]

[Event "Titled Tuesday Blitz June 13 Late 2023"]
[White "Taboas Rodriguez, Daniel"]
[Black "Bluebaum, Matthias"]
[WhiteFideId "2208466"]
[BlackFideId "24651516"]
[WhiteElo "2365"]
[BlackElo "2639"]
[Result "0-1"]
[Round "1"]
[TimeControl "180+2"]
[Date "2023.06.13"]
[WhiteClock "0:00:07"]
[BlackClock "0:00:11"]
[Board "9"]

1. d4 d5 2. Nf3 e6 3. c4 Nf6 4. Bg5 h6 5. Bxf6 Qxf6 6. e3 Bb4+ 7. Nc3 c5 8. cxd5 exd5 9. Bb5+ Bd7 10. O-O Bxc3 11. Bxd7+ Nxd7 12. bxc3 O-O 13. Qb3 Qc6 14. Rab1 Rab8 15. a4 a6 16. a5 b5 17. axb6 Rxb6 18. Qa2 Rfb8 19. Rxb6 Rxb6 20. h3 Qb7 21. Ra1 c4 22. Qa5 Nf6 23. Ne5 Ne4 24. f3 Nd2 25. Qa4 Rb1+ 26. Rxb1 Qxb1+ 27. Kf2 Qf1+ 28. Kg3 Qe1+ 29. Kg4 Qxe3 30. Qe8+ Kh7 31. h4 Qe2 32. Kh3 Qe1 33. Qxf7 Qh1+ 34. Kg3 Qe1+ 35. Kg4 Qb1 36. h5 Nf1 37. Kh3 Ne3 38. Kh2 Qf5 39. Qxd5 Nxd5 0-1


[Site "https://www.chess.com"]

[Event "Titled Tuesday Blitz June 13 Late 2023"]
[White "Martinez Alcantara, Jose Eduardo"]
[Black "Shapiro, Viktor"]
[WhiteFideId "3805662"]
[BlackFideId "4175700"]
[WhiteElo "2711"]
[BlackElo "2212"]
[Result "1-0"]
[Round "1"]
[TimeControl "180+2"]
[Date "2023.06.13"]
[WhiteClock "0:02:01"]
[BlackClock "0:00:29"]
[Board "10"]

1. e4 Nf6 2. e5 Nd5 3. Nc3 Nb6 4. d4 d6 5. Nf3 Bg4 6. h3 Bh5 7. exd6 cxd6 8. Be2 e6 9. O-O Be7 10. a4 a5 11. Nd2 Bg6 12. Nb3 O-O 13. d5 e5 14. Be3 N8d7 15. Qd2 f5 16. f4 Bf6 17. Nb5 exf4 18. Bxf4 Ne5 19. Nxa5 Nxd5 20. Qxd5+ Bf7 21. Qxd6 Qxa5 22. Bxe5 Bxe5 23. Qxe5 Rae8 24. Qc3 Qb6+ 25. Qd4 Qg6 26. Bd3 Be6 27. Rae1 Rd8 28. Qb6 Bd5 29. Qxg6 hxg6 30. Nc7 Bc6 31. Ne6 1-0


[Site "https://www.chess.com"]

[Event "Titled Tuesday Blitz June 13 Late 2023"]
[White "Janaszak, Dawid"]
[Black "Sarana, Alexey"]
[WhiteFideId "1119206"]
[BlackFideId "24133795"]
[WhiteElo "2220"]
[BlackElo "2714"]
[Result "1/2-1/2"]
[Round "1"]
[TimeControl "180+2"]
[Date "2023.06.13"]
[WhiteClock "0:00:07"]
[BlackClock "0:00:07"]
[Board "11"]

1. e4 d6 2. Nc3 Nf6 3. g3 e5 4. Bg2 Be7 5. Nge2 O-O 6. d4 c6 7. a4 a5 8. h3 Nbd7 9. g4 Re8 10. O-O Nf8 11. f4 exf4 12. Bxf4 Ng6 13. Bg3 Nd7 14. Kh1 Ndf8 15. Nf4 Bh4 16. Bh2 Ne6 17. Nh5 Ng5 18. Qd3 Be6 19. Nd1 Qb6 20. Ne3 f6 21. Nf5 Qb4 22. Nxd6 Red8 23. c3 Qb6 24. Nf5 Rd7 25. Rab1 Ba2 26. Rbc1 Rad8 27. Qe2 Ne6 28. e5 fxe5 29. Bxe5 Qb3 30. Qf3 Qxb2 31. Nhxg7 Nxg7 32. c4 Nxf5 33. gxf5 Nxe5 34. dxe5 Qxe5 35. Qg4+ Rg7 36. Qxh4 Rf8 37. f6 Rg6 38. Rce1 Qg5 39. Qxg5 Rxg5 40. Re7 Bxc4 41. Rf4 Bf7 42. h4 Rg6 43. Rxb7 c5 44. Rc7 c4 45. Kh2 Kh8 46. Bf3 Bg8 47. f7 Bxf7 48. Rfxf7 Rxf7 49. Rxf7 Rd6 50. Rc7 Rd4 51. Kg3 h6 52. h5 Kg8 53. Bg4 Kf8 54. Be6 c3 55. Rxc3 Rxa4 56. Rc7 Re4 57. Bf5 Re5 58. Kf4 Rb5 59. Ra7 Kg8 60. Be6+ Kf8 61. Ke4 Rxh5 62. Bf5 Rg5 63. Ke5 Rg7 64. Ra8+ Ke7 65. Ra7+ Kf8 66. Ra8+ Ke7 67. Rxa5 h5 68. Ra7+ Kf8 69. Ra8+ Ke7 70. Rh8 Rf7 71. Rxh5 Rg7 72. Rh6 Kf7 73. Rb6 Ke7 74. Rb7+ Kf8 75. Rb8+ Ke7 76. Rc8 Rf7 77. Be6 Rg7 78. Rc7+ Kf8 79. Rc6 Ke7 80. Rc7+ Kf8 81. Rc8+ Ke7 82. Rh8 Rg5+ 83. Bf5 Rg7 84. Rh6 Rf7 85. Re6+ Kf8 86. Ra6 Ke7 87. Ra8 Rg7 88. Rb8 Kf7 89. Rc8 Ke7 90. Rc7+ Kf8 91. Rc8+ Ke7 92. Be6 Rg5+ 93. Bf5 Rg7 1/2-1/2


[Site "https://www.chess.com"]

[Event "Titled Tuesday Blitz June 13 Late 2023"]
[White "Duda, Jan-Krzysztof"]
[Black "Aggelis, Nikolaos"]
[WhiteFideId "1170546"]
[BlackFideId "4213220"]
[WhiteElo "2783"]
[BlackElo "2189"]
[Result "1-0"]
[Round "1"]
[TimeControl "180+2"]
[Date "2023.06.13"]
[WhiteClock "0:00:40"]
[BlackClock "0:00:08"]
[Board "12"]

1. e4 c6 2. d4 d5 3. Nc3 dxe4 4. Nxe4 Nf6 5. Qd3 Nxe4 6. Qxe4 g6 7. Qe5 Rg8 8. Nf3 Bg7 9. Qe3 Nd7 10. Bd3 Nb6 11. c4 Bg4 12. Ne5 Be6 13. b3 Nd7 14. f4 Nxe5 15. fxe5 Qd7 16. O-O O-O-O 17. Bb2 Kb8 18. Be4 f5 19. Bf3 Bf7 20. Rfd1 e6 21. b4 g5 22. a4 g4 23. Be2 h5 24. b5 Rh8 25. Ba3 Bh6 26. Qc3 f4 27. Bd6+ Ka8 28. Bd3 Rhg8 29. a5 Bg6 30. a6 Bxd3 31. axb7+ Qxb7 32. bxc6 Qxc6 33. Qxd3 f3 34. d5 exd5 35. Qd4 Rd7 36. e6 Rb7 37. Qxd5 Qb6+ 38. c5 Qb2 39. Ra2 f2+ 40. Kf1 Qb5+ 41. Kxf2 g3+ 42. hxg3 h4 43. Rxa7+ Kxa7 44. Ra1+ Qa6 45. Rxa6+ Kxa6 46. Qc6+ Ka7 47. Qa4# 1-0


[Site "https://www.chess.com"]

[Event "Titled Tuesday Blitz June 13 Late 2023"]
[White "HamedWafa4"]
[Black "Deac, Bogdan-Daniel"]
[BlackFideId "1226380"]
[WhiteElo "2512"]
[BlackElo "2644"]
[Result "0-1"]
[Round "1"]
[TimeControl "180+2"]
[Date "2023.06.13"]
[WhiteClock "0:01:16"]
[BlackClock "0:01:10"]
[Board "13"]

1. e4 Nf6 2. Nc3 d5 3. e5 Nfd7 4. Nxd5 Nxe5 5. Ne3 c5 6. Nf3 Nxf3+ 7. Qxf3 Nc6 8. Bc4 e6 9. O-O Be7 10. d3 O-O 11. Qe2 b5 12. Bb3 Nd4 13. Qd1 a5 14. c3 Nxb3 15. axb3 Bb7 16. Qe2 Qd7 17. Rd1 Rfd8 18. h3 f5 19. d4 cxd4 20. Rxd4 Qc6 21. Rxd8+ Bxd8 22. c4 f4 23. cxb5 Qe4 24. f3 Qe5 25. b4 a4 26. Qd3 Bb6 0-1


[Site "https://www.chess.com"]

[Event "Titled Tuesday Blitz June 13 Late 2023"]
[White "Korobov, Anton"]
[Black "Peycheva, Gergana"]
[WhiteFideId "14105730"]
[BlackFideId "2916711"]
[WhiteElo "2638"]
[BlackElo "2216"]
[Result "1-0"]
[Round "1"]
[TimeControl "180+2"]
[Date "2023.06.13"]
[WhiteClock "0:02:36"]
[BlackClock "0:00:03"]
[Board "14"]

1. d4 d5 2. c4 dxc4 3. e3 Nf6 4. Bxc4 e6 5. Nf3 c5 6. O-O Nc6 7. Qe2 cxd4 8. Rd1 a6 9. exd4 Be7 10. Nc3 O-O 11. d5 exd5 12. Nxd5 Nxd5 13. Bxd5 Qc7 14. Bg5 Bg4 15. Bxe7 Qxe7 16. Qxe7 Nxe7 17. Bxb7 Rab8 18. Bxa6 Rxb2 19. a4 Nc6 20. Bb5 Na5 21. h3 Bxf3 22. gxf3 g6 23. Rac1 Rb8 24. Rc7 Rb6 25. Rdd7 Rf6 26. Kg2 Nb3 27. Bc4 Nd2 28. Bxf7+ Kg7 29. Bd5+ Kh6 30. h4 1-0


[Site "https://www.chess.com"]

[Event "Titled Tuesday Blitz June 13 Late 2023"]
[White "Osmak, Yuliia"]
[Black "Makarian, Rudik"]
[WhiteFideId "14101602"]
[BlackFideId "44105681"]
[WhiteElo "2303"]
[BlackElo "2451"]
[Result "0-1"]
[Round "1"]
[TimeControl "180+2"]
[Date "2023.06.13"]
[WhiteClock "0:00:00"]
[BlackClock "0:00:15"]
[Board "15"]

1. c4 Nf6 2. Nc3 e6 3. e4 c5 4. e5 Ng8 5. d4 cxd4 6. Qxd4 Nc6 7. Qe4 f5 8. exf6 Nxf6 9. Qh4 Be7 10. Nf3 O-O 11. Bd3 g6 12. Bh6 Nh5 13. Qe4 Rf6 14. O-O Qa5 15. Bg5 Rxf3 16. Bxe7 Rf4 17. b4 Rxe4 18. bxa5 Rd4 19. Rfd1 Nxe7 20. Nb5 Rf4 21. Nc7 Rb8 22. Rab1 Nc6 23. g3 Rf8 24. Be4 Nxa5 25. Na6 Ra8 26. Nc7 Rb8 27. Na6 bxa6 28. Rxb8 Nxc4 29. Rc1 d5 30. Bd3 Bd7 31. Rxf8+ Kxf8 32. Bxc4 dxc4 33. Rxc4 a5 34. Rc7 Ke7 35. Rxa7 a4 36. f4 Nf6 37. Kf2 Ne4+ 38. Ke3 Nc3 39. Kd2 Nd5 40. a3 h5 41. Kd3 Kd6 42. Kd4 Ne7 43. Ra6+ Bc6 44. Kc4 Nd5 45. Kd4 Nc7 46. Rb6 Nb5+ 47. Kc4 Nxa3+ 48. Kc3 Nb5+ 49. Kb4 Nc7 50. Ka3 Nd5 51. Ra6 Kc5 52. Ra5+ Bb5 53. Ra7 Ne3 54. Rc7+ Bc6 55. Rg7 Nc4+ 56. Ka2 Be4 57. Re7 Bd5 58. Rc7+ Kb4 59. Rg7 Ne3+ 0-1


[Site "https://www.chess.com"]

[Event "Titled Tuesday Blitz June 13 Late 2023"]
[White "Moussard, Jules"]
[Black "Richter, Paul"]
[WhiteFideId "642908"]
[BlackFideId "2046350"]
[WhiteElo "2610"]
[BlackElo "2509"]
[Result "1/2-1/2"]
[Round "1"]
[TimeControl "180+2"]
[Date "2023.06.13"]
[WhiteClock "0:00:05"]
[BlackClock "0:00:08"]
[Board "16"]

1. Nf3 Nf6 2. b3 g6 3. Bb2 Bg7 4. g3 O-O 5. Bg2 d6 6. d4 Nbd7 7. O-O Re8 8. c4 c6 9. Nc3 e5 10. e4 Qc7 11. Re1 exd4 12. Nxd4 a5 13. Rc1 Nc5 14. h3 Bd7 15. Qd2 Rad8 16. Rcd1 Bc8 17. Kh2 h5 18. f4 Re7 19. Ba3 Ree8 20. Qf2 Ne6 21. Ndb5 cxb5 22. Nxb5 Qb8 23. Nxd6 Rf8 24. e5 Ne8 25. Nxc8 Qxc8 26. h4 Qc7 27. Rxd8 Nxd8 28. Rd1 Nc6 29. Qd2 Nb4 30. Bxb4 axb4 31. Qxb4 b6 32. Qb5 Qa7 33. a4 Nc7 34. Qc6 Ne6 35. Bh3 Nc5 36. Qf3 Qa5 37. Rd6 Qb4 38. f5 Qxb3 39. Qxb3 Nxb3 40. f6 Bh6 41. Rxb6 Nd4 42. Bg2 Rc8 43. a5 Rxc4 44. Rb8+ Kh7 45. Rb7 Rc2 46. Rxf7+ Kg8 47. Rd7 Nf3+ 48. Kh3 Ng1+ 49. Kh2 Nf3+ 50. Kh1 Rc1+ 51. Bf1 Nxe5 52. Rd8+ Kf7 53. Kg2 Rc2+ 54. Kh3 Be3 55. Bg2 Ng4 56. Rd7+ Kxf6 57. Rd6+ Kg7 58. Rxg6+ Kxg6 59. Be4+ Kh6 60. Bxc2 Ba7 61. a6 Ne3 62. Be4 Ng4 63. Kg2 Kg7 64. Kf3 Kf6 65. Bb7 Ne5+ 66. Ke4 Bb8 67. Kf4 Ng6+ 68. Kf3 Ne7 69. Kg2 Nf5 70. Bf3 Kg6 71. Be4 Kf6 72. Bf3 Kg6 73. Kh3 Kh6 74. g4 hxg4+ 75. Kxg4 Nd4 76. Be4 Ba7 77. Kf4 Ne6+ 78. Ke5 Ng7 79. Kd6 Kh5 80. Kc7 Kxh4 81. Kb7 Bd4 82. a7 Bxa7 83. Kxa7 1/2-1/2


[Site "https://www.chess.com"]

[Event "Titled Tuesday Blitz June 13 Late 2023"]
[White "Rengifo Blancas, Renzo Jhonathan"]
[Black "Erigaisi Arjun"]
[WhiteFideId "3807185"]
[BlackFideId "35009192"]
[WhiteElo "2085"]
[BlackElo "2719"]
[Result "1/2-1/2"]
[Round "1"]
[TimeControl "180+2"]
[Date "2023.06.13"]
[WhiteClock "0:00:28"]
[BlackClock "0:01:43"]
[Board "17"]

1. e4 c6 2. d4 d5 3. Nc3 dxe4 4. Nxe4 Bf5 5. Ng3 Bg6 6. Bc4 e6 7. N1e2 Bd6 8. O-O Qh4 9. Bd3 Nf6 10. c3 Nbd7 11. Qd2 O-O-O 12. Rd1 e5 13. Qg5 Qxg5 14. Bxg5 e4 15. Bc4 h6 16. Bf4 Nb6 17. Bb3 Nbd5 18. Bxd6 Rxd6 19. c4 Nb4 20. Nf4 Nd3 21. Nxg6 fxg6 22. Nxe4 Rxd4 23. Nc5 Nxc5 24. Rxd4 Re8 25. Kf1 a5 26. Re1 Rf8 27. f3 g5 28. Bc2 Rf7 29. Bg6 Rc7 30. a3 a4 31. Re5 b6 32. Bc2 Rf7 33. Ke2 Kc7 34. Kd2 Nfd7 35. Re2 Nf8 36. Kc3 Nfe6 37. Rdd2 Rf6 38. Re5 Nd7 39. Re1 Ndc5 40. Re5 Nd7 41. Re1 Ndc5 42. Re5 1/2-1/2


[Site "https://www.chess.com"]

[Event "Titled Tuesday Blitz June 13 Late 2023"]
[White "Sviridov, Valery"]
[Black "Yeritsyan, Hayk"]
[WhiteFideId "4120680"]
[BlackFideId "13307320"]
[WhiteElo "2457"]
[BlackElo "2507"]
[Result "1-0"]
[Round "1"]
[TimeControl "180+2"]
[Date "2023.06.13"]
[WhiteClock "0:01:01"]
[BlackClock "0:00:08"]
[Board "18"]

1. Nf3 d5 2. g3 Nf6 3. Bg2 Bf5 4. O-O e6 5. c4 c6 6. d3 h6 7. cxd5 exd5 8. Nc3 Be7 9. Qb3 Qb6 10. Qc2 O-O 11. e4 Bh7 12. Be3 Qd8 13. h3 Na6 14. a3 Nc5 15. Nd4 Rc8 16. Rad1 Re8 17. Rfe1 Bf8 18. Bc1 dxe4 19. dxe4 Qc7 20. Bf4 Qb6 21. b4 Ne6 22. Be3 Qc7 23. Qb3 Nxd4 24. Bxd4 Nd7 25. Be3 Rcd8 26. f4 Nf6 27. e5 Nd7 28. Bf2 a5 29. Kh2 axb4 30. axb4 Nb6 31. b5 c5 32. Nd5 Nxd5 33. Bxd5 b6 34. g4 g5 35. f5 Bg7 36. Bg3 Bxe5 37. Bxe5 Rxe5 38. Qg3 Rde8 39. Be6 R8xe6 40. fxe6 f6 41. Rxe5 Qxe5 42. Qxe5 fxe5 43. Rd8+ Kg7 44. e7 1-0


[Site "https://www.chess.com"]

[Event "Titled Tuesday Blitz June 13 Late 2023"]
[White "Perske, Thore"]
[Black "Van Foreest, Jorden"]
[WhiteFideId "12902195"]
[BlackFideId "1039784"]
[WhiteElo "2336"]
[BlackElo "2633"]
[Result "0-1"]
[Round "1"]
[TimeControl "180+2"]
[Date "2023.06.13"]
[WhiteClock "0:01:09"]
[BlackClock "0:02:21"]
[Board "19"]

1. d4 Nf6 2. g3 g6 3. Bg2 Bg7 4. e4 d6 5. Ne2 O-O 6. Nbc3 Nbd7 7. O-O e5 8. Re1 b6 9. h3 Bb7 10. d5 a6 11. a4 h6 12. Be3 a5 13. Nb5 Nc5 14. Bxc5 bxc5 15. c4 Nd7 16. Qd2 f5 17. Nec3 f4 18. g4 f3 19. Bh1 Qh4 20. Kh2 Nf6 21. Rg1 Nh7 22. Rg3 Rf7 23. Rxf3 Ng5 24. Rg3 Raf8 25. f3 Nxf3+ 26. Bxf3 Rxf3 0-1


[Site "https://www.chess.com"]

[Event "Titled Tuesday Blitz June 13 Late 2023"]
[White "Eljanov, Pavel"]
[Black "Bas Mas, Jose Joaquin"]
[WhiteFideId "14102951"]
[BlackFideId "22219064"]
[WhiteElo "2598"]
[BlackElo "2212"]
[Result "1-0"]
[Round "1"]
[TimeControl "180+2"]
[Date "2023.06.13"]
[WhiteClock "0:00:15"]
[BlackClock "0:00:00"]
[Board "20"]

1. d4 d5 2. c4 e6 3. Nc3 Nf6 4. cxd5 exd5 5. Bg5 Nbd7 6. e3 h6 7. Bh4 Be7 8. Bd3 O-O 9. h3 b6 10. Nf3 Bb7 11. O-O c5 12. Rc1 a6 13. a3 Re8 14. Bb1 Rc8 15. Re1 Ne4 16. Bxe7 Qxe7 17. dxc5 Nxc3 18. Rxc3 Nxc5 19. Nd4 Qf6 20. Qg4 Ne4 21. Bxe4 Rxc3 22. bxc3 Rxe4 23. Qg3 Re8 24. Qc7 Bc8 25. a4 g6 26. Rb1 b5 27. axb5 axb5 28. Rxb5 Be6 29. Rb8 Rxb8 30. Qxb8+ Kg7 31. Qd6 h5 32. f4 h4 33. Kf2 g5 34. Kf3 gxf4 35. Qxf4 Qg6 36. Qxh4 Qd3 37. Qe1 Qe4+ 38. Kf2 Bd7 39. Kg1 Qe5 40. Qf2 Kf8 41. Qf4 1-0


[Site "https://www.chess.com"]

[Event "Titled Tuesday Blitz June 13 Late 2023"]
[White "Bruedigam, Martin"]
[Black "Anton Guijarro, David"]
[WhiteFideId "24608033"]
[BlackFideId "2285525"]
[WhiteElo "2331"]
[BlackElo "2618"]
[Result "0-1"]
[Round "1"]
[TimeControl "180+2"]
[Date "2023.06.13"]
[WhiteClock "0:00:05"]
[BlackClock "0:01:12"]
[Board "21"]

1. d4 d5 2. c4 e6 3. Nc3 Bb4 4. e3 Nf6 5. Bd2 O-O 6. Nf3 b6 7. cxd5 exd5 8. Rc1 a6 9. Bd3 Re8 10. O-O Bd6 11. a3 Bb7 12. Qc2 Nbd7 13. Rfe1 Ne4 14. Ne2 Qf6 15. Bb4 c5 16. dxc5 bxc5 17. Bc3 d4 18. exd4 Nxc3 19. Qxc3 Bxf3 20. gxf3 cxd4 21. Qb3 Nc5 22. Qc2 Qxf3 23. Bxh7+ Kf8 24. Nxd4 Qg4+ 25. Kh1 Qxd4 0-1


[Site "https://www.chess.com"]

[Event "Titled Tuesday Blitz June 13 Late 2023"]
[White "Ibarra Jerez, Jose Carlos"]
[Black "Jakic, Ivan"]
[WhiteFideId "2226332"]
[BlackFideId "14504901"]
[WhiteElo "2631"]
[BlackElo "2365"]
[Result "1-0"]
[Round "1"]
[TimeControl "180+2"]
[Date "2023.06.13"]
[WhiteClock "0:01:34"]
[BlackClock "0:02:08"]
[Board "22"]

1. e4 c5 2. Nf3 d6 3. c3 Nf6 4. h3 Nc6 5. Bd3 d5 6. e5 Nd7 7. Bb5 e6 8. d4 Be7 9. O-O O-O 10. Re1 Qc7 11. a3 f5 12. exf6 Nxf6 13. Ng5 Nd8 14. Bd3 h6 15. Nf3 Nf7 16. Bg6 Bd7 17. Bxf7+ Rxf7 18. Ne5 Rff8 19. Ng6 Rf7 20. Bf4 Bd6 21. Bxd6 Qxd6 22. Ne5 Rff8 23. Nd2 cxd4 24. cxd4 Rac8 25. Rc1 Bb5 26. Qb3 Ba6 27. Rc3 Rxc3 28. Qxc3 Nd7 29. Ndf3 Nb6 30. Rc1 Rc8 31. Qxc8+ Nxc8 32. Rxc8+ Kh7 33. Rh8+ Kxh8 34. Nf7+ Kg8 35. Nxd6 Be2 36. Nxb7 1-0


[Site "https://www.chess.com"]

[Event "Titled Tuesday Blitz June 13 Late 2023"]
[White "whiteglovethief"]
[Black "Bortnyk, Mykola"]
[BlackFideId "14120836"]
[WhiteElo "2502"]
[BlackElo "2592"]
[Result "0-1"]
[Round "1"]
[TimeControl "180+2"]
[Date "2023.06.13"]
[WhiteClock "0:00:00"]
[BlackClock "0:00:56"]
[Board "23"]

1. d4 Nf6 2. c4 g6 3. Nc3 Bg7 4. e4 d6 5. Nf3 O-O 6. Be2 Nc6 7. O-O e5 8. d5 Ne7 9. Ne1 Nd7 10. Be3 f5 11. f3 a5 12. a4 f4 13. Bf2 b6 14. Nd3 Nc5 15. b4 Nxd3 16. Bxd3 axb4 17. Na2 g5 18. Nxb4 h5 19. Be2 Ng6 20. a5 bxa5 21. Nc6 Qf6 22. c5 a4 23. Rxa4 Rxa4 24. Qxa4 g4 25. Qa7 g3 26. hxg3 fxg3 27. Bxg3 Qg5 28. Bh2 Nh4 29. Rf2 Bh3 30. g3 Qc1+ 31. Bf1 Nxf3+ 32. Kh1 Bxf1 33. Bg1 Bh3 0-1


[Site "https://www.chess.com"]